 Dungeon Crawl Stone Soup version 0.28.0-1-gb440e238dd (webtiles) character file.

Game seed: 8861806160731639433

14667 zeram the Basher (level 12, -2/76 HPs)
             Began as a Gargoyle Fighter on Feb 24, 2022.
             Was an Initiate of Gozag.
             Slain by a demonic crawler (10 damage)
             ... on level 2 of the Lair of Beasts.
             The game lasted 00:27:31 (18041 turns).

zeram the Basher (Gargoyle Fighter)                Turns: 18041, Time: 00:27:33

Health: -2/76      AC: 22    Str: 26    XL:     12   Next: 18%
Magic:  12/12      EV:  9    Int:  8    God:    Gozag
Gold:   305        SH:  0    Dex: 15    Spells: 11/11 levels left

rFire   . . .      SeeInvis .   a - +1 flail (vamp)
rCold   . . .      Faith    .   f - +0 tower shield
rNeg    + . .      Spirit   .   b - +0 scale mail
rPois   ∞          Reflect  .   y - +0 helmet
rElec   +          Harm     .   i - +1 cloak
rCorr   .          Rampage  .   K - +0 pair of gloves
Will    +....                   (no boots)
Stlth   ..........              (no amulet)
HPRegen 0.22/turn               g - +6 ring of dexterity
MPRegen 0.13/turn               q - ring of willpower

@: confused, ambrosia-drunk
A: sickness immunity, AC +8, negative energy resistance 1, electricity
resistance, torment resistance 1, petrification resistance
a: Renounce Religion, Potion Petition, Call Merchant, Bribe Branch


You were on level 2 of the Lair of Beasts.
You worshipped Gozag.
Gozag was aware of your devotion.
You visited 4 branches of the dungeon, and saw 16 of its levels.

You collected 2257 gold pieces.
You spent 667 gold pieces at shops.
You paid 1285 gold pieces to Gozag.

Inventory:

Hand Weapons
 a - a +1 vampiric flail (weapon)
Missiles
 m - a throwing net
 B - 7 poisoned darts (quivered)
Armour
 b - a +0 scale mail (worn)
 c - a +1 buckler
 f - a +0 tower shield (worn)
 i - a +1 cloak (worn)
 p - the +1 robe of Wonderful Amelioration {+Blink Int+7}
   (You found it on level 5 of the Dungeon)

   Int:       It affects your intelligence (+7).
   +Blink:    It lets you blink.
 y - a +0 helmet (worn)
 G - a +2 kite shield
 K - a +0 pair of gloves (worn)
Jewellery
 g - a +6 ring of dexterity (left hand)
 k - a ring of protection from cold
 q - a ring of willpower (right hand)
 r - a ring of resist corrosion
 C - a ring of ice
Wands
 d - a wand of polymorph (20)
 z - a wand of paralysis (3)
 A - a wand of charming (4)
 E - a wand of flame (19)
 F - a wand of digging (5)
 H - a wand of acid (3)
Scrolls
 e - 4 scrolls of amnesia
 h - a scroll of identify
 x - 2 scrolls of magic mapping
 I - 2 scrolls of fear {unknown}
 L - a scroll of fog
Potions
 j - a potion of invisibility {unknown}
 l - a potion of haste {unknown}
 n - 3 potions of mutation
 o - 2 potions of lignification
 s - a potion of attraction {unknown}
 t - a potion of cancellation
 u - a potion of resistance {unknown}
 w - 3 potions of flight
 D - 3 potions of magic


   Skills:
 + Level 9.2 Fighting
 + Level 12.1 Maces & Flails
 + Level 10.2 Armour
 + Level 5.1 Dodging
 + Level 9.3 Shields


You had 11 spell levels left.
You didn't know any spells.
Your spell library contained the following spells:

 Spells                   Type           Power      Damage    Failure   Level
 Beastly Appendage        Tmut           0%         N/A       99%         1
 Wereblood                Tmut           0%         N/A       100%        2
 Call Canine Familiar     Summ           0%         N/A       100%        3
 Inner Flame              Hex/Fire       0%         N/A       100%        3
 Portal Projectile        Hex/Tloc       0%         N/A       100%        3
 Spider Form              Tmut/Pois      0%         N/A       100%        3
 Cause Fear               Hex            0%         N/A       100%        4
 Leda's Liquefaction      Hex/Erth       0%         N/A       100%        4
 Petrify                  Tmut/Erth      0%         N/A       100%        4
 Irradiate                Conj/Tmut      0%         3d13      100%        5
 Discord                  Hex            0%         N/A       100%        8
 Sublimation of Blood     Necr           Unusable   N/A       N/A         2

Dungeon Overview and Level Annotations

Branches:
Dungeon (11/15)            Temple (0/1) D:6            Lair (3/6) D:8
 Shoals (0/4) Lair:2       Spider (1/4) Lair:2          Orc (1/2) D:10

Altars:
Dithmenos
Elyvilon
Fedhas
Gozag
Kikubaaqudgha
Makhleb
Nemelex Xobeh
Ru
Sif Muna
Xom
Yredelemnul
Zin
The Shining One

Shops:
D:2 :   D:5 (   Lair:1 *   Lair:2 [

Annotations:
D:9 1 runed translucent door, Gastronok; lake5's ghost, novice DECj
Lair:3 2 transporters, Loywebes's ghost, journeyman MiFi


Innate Abilities, Weirdness & Mutations

You are immune to sickness and miasma.
Your stone body is resilient. (AC +8)
You are immune to poison.
You resist negative energy. (rN+)
You are resistant to electric shocks. (rElec)
You are resistant to unholy torment.
You are immune to petrification.


Message History

You block the demonic crawler's attack. x2
The demonic crawler hits you but does no damage.
Unknown command.
You hit the demonic crawler but do no damage.
The demonic crawler is moderately wounded.
The demonic crawler shrieks in warning!
The jumping spider leaps!
Unknown command.
You sock the demonic crawler!
The demonic crawler is heavily wounded.
You block the demonic crawler's attack. x2; The demonic crawler hits you.
* * * LOW HITPOINT WARNING * * *
The demonic crawler hits you but does no damage. x2
The demonic crawler hits you!
* * * LOW HITPOINT WARNING * * *
You are confused.
You feel invigorated.
The demonic crawler shrieks in warning!
You bump into the rock wall.
The jumping spider pounces on you but does no damage.
The jumping spider bites you but does no damage.
The demonic crawler hits you but does no damage. x2
The demonic crawler barely misses you. The jumping spider misses you.
The jumping spider bites you but does no damage.
The jumping spider barely misses you.
The jumping spider bites you but does no damage.
You closely miss the jumping spider.
The jumping spider is heavily wounded.
The demonic crawler hits you.
* * * LOW HITPOINT WARNING * * *
The demonic crawler hits you but does no damage. x2
The jumping spider closely misses you.
The jumping spider bites you but does no damage.
The jumping spider barely misses you.
The jumping spider bites you but does no damage.
The demonic crawler hits you!
* * * LOW HITPOINT WARNING * * *
The demonic crawler hits you!
You die...
Your body crumbles into a pile of gold.

##### ######...### ##^.#.##.#..##
#.∩#....#....# # #####
#^#.^##..##..# ###
#######.#P#####^##..^##^.#####P##
.............####s>^^###.........
......##P.....#.@#^####^.....##P.
.............##s#s.#^#.#.........
..............^#..##.^...........
PP............##..#...#..........
................#^###............
##.#P..#...P..........>..#.##.##P
.................................
.##........P.#................##.
....P............................


You could see a demonic crawler and 2 jumping spiders.

Vanquished Creatures
  A hydra (Lair:1)
  A centaur zombie (D:10)
  A torpor snail (Lair:2)
  A black mamba (Lair:1)
  2 rime drakes (Lair:2)
  4 cane toads
  A kobold demonologist (D:9)
  2 komodo dragons
  2 trolls (D:10)
  2 polar bears
  A tarantella (Lair:2)
  A meliai zombie (D:10)
  A spriggan (shapeshifter) (D:10)
  17 yaks
  A culicivora (Lair:2)
  Sigmund (D:2)
  Eustachio (D:4)
  A redback (Spider:1)
  13 water moccasins
  3 acid dragons
  An ice beast (D:7)
  2 orc warriors (D:10)
  2 hornet zombies
  2 black bears
  2 ogres
  The ghost of themarg the Covered, an amateur GnWn (D:4)
  6 centaurs
  8 kobold brigands
  10 bullfrogs
  7 gnoll sergeants
  6 scorpions
  9 killer bees
  4 wights (D:8)
  4 howler monkeys
  A bullfrog zombie (D:3)
  3 jellies
  2 hounds
  2 gnoll shamans
  Crazy Yiuf (D:2)
  3 orc priests
  A bullfrog skeleton (D:5)
  An orc wizard (D:10)
  2 adders
  15 gnolls
  3 white imps
  An ufetubus (D:7)
  2 worms
  3 dart slugs
  13 orcs
  5 bats
  3 endoplasms
  A giant cockroach (D:2)
  2 goblins
  5 hobgoblins
  15 kobolds
  5 quokkas
  5 ball pythons
  6 rats
221 creatures vanquished.

Vanquished Creatures (others)
  A human (D:8)
  18 fungi
  21 plants
40 creatures vanquished.

Grand Total: 261 creatures vanquished

Notes
Turn   | Place    | Note
-------+----------+-------------------------------------------
     0 | D:1      | zeram the Gargoyle Fighter began the quest for the Orb.
     0 | D:1      | Reached XP level 1. HP: 14/14 MP: 1/1
   307 | D:1      | Reached XP level 2. HP: 19/19 MP: 2/2
  1240 | D:2      | Reached XP level 3. HP: 23/23 MP: 3/3
  1300 | D:2      | Noticed Sigmund
  1310 | D:2      | Killed Sigmund
  1311 | D:2      | Reached skill level 3 in Maces & Flails
  1311 | D:2      | Reached XP level 4. HP: 16/29 MP: 4/4
  1311 | D:2      | Reached XP level 5. HP: 18/33 MP: 5/5
  1821 | D:2      | Found a runed translucent door.
  1822 | D:2      | Noticed Crazy Yiuf
  1926 | D:2      | Found Fouf's Book Boutique.
  2125 | D:2      | Killed Crazy Yiuf
  2126 | D:2      | Reached skill level 4 in Maces & Flails
  2441 | D:3      | Reached XP level 6. HP: 36/38 MP: 6/6
  2801 | D:3      | Found an opulent altar of Gozag.
  2807 | D:3      | Became a worshipper of Gozag Ym Sagoz the Greedy
  2813 | D:3      | Found a glowing silver altar of Zin.
  2816 | D:3      | Found a sacrificial altar of Ru.
  2874 | D:3      | Found a shimmering blue altar of Sif Muna.
  3292 | D:4      | Noticed Eustachio
  3306 | D:4      | Killed Eustachio
  3307 | D:4      | Reached skill level 5 in Armour
  3307 | D:4      | Reached skill level 1 in Dodging
  3307 | D:4      | Reached XP level 7. HP: 34/44 MP: 7/7
  3393 | D:4      | Reached skill level 5 in Maces & Flails
  3583 | D:4      | Found a runed translucent gate.
  3646 | D:4      | Noticed themarg's ghost (amateur GnWn)
  3647 | D:4      | Found a runed translucent gate.
  3648 | D:4      | Found a runed translucent gate.
  3800 | D:4      | Killed themarg's ghost
  4052 | D:4      | HP: 1/44 [kobold brigand (18)]
  4409 | D:5      | Entered Level 5 of the Dungeon
  4478 | D:5      | Reached XP level 8. HP: 48/48 MP: 8/8
  4482 | D:5      | Found a shadowy altar of Dithmenos.
  4503 | D:5      | Reached skill level 6 in Maces & Flails
  4559 | D:5      | Reached skill level 5 in Fighting
  4570 | D:5      | Identified the +1 robe of Wonderful Amelioration {+Blink
                  | Int+7}
  4851 | D:5      | Found a burning altar of Makhleb.
  4898 | D:5      | Found Ecuis's Hydra Hut.
  4903 | D:5      | Noticed a five-headed hydra
  4960 | D:5      | Found a glowing golden altar of the Shining One.
  5247 | D:6      | Found a white marble altar of Elyvilon.
  5296 | D:6      | Reached skill level 5 in Shields
  5494 | D:6      | Found a staircase to the Ecumenical Temple.
  5523 | D:6      | Found a sparkling altar of Nemelex Xobeh.
  5569 | D:6      | Reached skill level 7 in Maces & Flails
  5926 | D:6      | Found a basalt altar of Yredelemnul.
  6025 | D:6      | Found a blossoming altar of Fedhas.
  6374 | D:7      | Reached XP level 9. HP: 49/54 MP: 9/9
  7019 | D:8      | Found an ancient bone altar of Kikubaaqudgha.
  7408 | D:8      | Reached skill level 8 in Maces & Flails
  7671 | D:8      | Found a staircase to the Lair.
  8056 | D:8      | Noticed a komodo dragon
  8076 | D:8      | Killed a komodo dragon
  8077 | D:8      | Reached skill level 9 in Maces & Flails
  8315 | D:8      | Reached XP level 10. HP: 49/61 MP: 10/10
  8696 | Lair:1   | Entered Level 1 of the Lair of Beasts
  9530 | D:9      | Reached skill level 10 in Maces & Flails
 10279 | D:9      | Noticed a kobold demonologist
 10293 | D:9      | Noticed an orange demon
 10578 | Lair:1   | Noticed a six-headed hydra
 10671 | Lair:1   | Killed a six-headed hydra
 10672 | Lair:1   | Reached XP level 11. HP: 29/68 MP: 11/11
 10976 | Lair:1   | Bought a scroll of enchant armour for 247 gold pieces
 10976 | Lair:1   | Bought a scroll of magic mapping for 115 gold pieces
 12013 | Lair:1   | Reached skill level 11 in Maces & Flails
 12283 | Lair:1   | Bought a pink potion for 29 gold pieces
 12283 | Lair:1   | Bought a scroll of magic mapping for 115 gold pieces
 12283 | Lair:1   | Bought an iron wand for 132 gold pieces
 12283 | Lair:1   | Bought a pink potion for 29 gold pieces
 12473 | D:9      | Found a runed translucent door.
 12479 | D:9      | Noticed lake5's ghost (novice DECj)
 12500 | D:9      | Noticed Gastronok
 12513 | D:9      | HP: 1/68 [Gastronok/the air (24)]
 13014 | D:10     | Entered Level 10 of the Dungeon
 13140 | D:10     | Found a staircase to the Orcish Mines.
 13730 | D:10     | Found a shimmering altar of Xom.
 14937 | D:11     | Noticed a seven-headed hydra
 15312 | D:11     | Noticed a boulder beetle
 15566 | Orc:1    | Entered Level 1 of the Orcish Mines
 15970 | Lair:2   | Found a staircase to the Shoals.
 16064 | Lair:2   | Reached skill level 10 in Armour
 16646 | Lair:2   | Reached XP level 12. HP: 74/76 MP: 12/12
 16665 | Lair:2   | Reached skill level 5 in Dodging
 16807 | Lair:2   | Reached skill level 12 in Maces & Flails
 17059 | Lair:2   | Found a hole to the Spider Nest.
 17262 | Lair:3   | Noticed Loywebes's ghost (journeyman MiFi)
 17289 | Lair:3   | Found a transporter.
 17293 | Lair:3   | Found a transporter.
 17497 | Lair:3   | Noticed an eight-headed hydra
 17706 | Spider:1 | Entered Level 1 of the Spider Nest
 18041 | Lair:2   | Slain by a demonic crawler

Illustrated notes

Levels and vault maps discovered:
D:1:      sevenhm_arrival_forest_fort_small_5, layout_basic
D:2:      layout_basic, serial_shops, nicolae_shop_hallway_stairs,
          uniq_crazy_yiuf_cottage, uniq_sigmund
D:3:      layout_basic, grunt_temple_overflow_cloverleaf, serial_bayou_pond_d
D:4:      layout_rooms, gammafunk_ghost_nasty_kobolds, uniq_eustachio
D:5:      layout_rooms, mainiacjoe_overflow_alcove_1, tso_metal_star,
          amcnicky_altar_gilded, doesnt_shop_hydraphobe
D:6:      layout_cave_pods, kennysheep_ying_yang, mainiacjoe_overflow_swirl,
          minmay_temple_entry_proselytizer
D:7:      layout_cave_pools, dk_vineyard_3, hangedman_decor_riveting
D:8:      layout_loops_ring, tgw_kikubaaqudgha, due_lair_maze_entry_diamond
D:9:      layout_rooms, ebering_ghost_reflecting_pool,
          chequers_serial_rivers_micro_a, uniq_gastronok
D:10:     layout_loops_corners, mainiacjoe_overflow_catwalk,
          kennysheep_orc_monster_closet_entryway
D:11:     layout_irregular_city, hangedman_glass_teeth
Lair:1:   layout_cellular_growth, nicolae_lair_liquid_snakes,
          serial_bayou_shore_b
Lair:2:   layout_long_grid, minmay_shoals_entry_centaurs,
          spider_nest_entry_rubble, guppyfry_lair_drakes, lemuel_fruit_tree
Lair:3:   layout_misc_corridors, gammafunk_ghost_hive
Spider:1: layout_cave_pods, uniq_rupert
Orc:1:    layout_caves, lightli_orcish_oven

Skill      XL: |  1  2  3  4  5  6  7  8  9 10 11 12 |
---------------+-------------------------------------+-----
Fighting       | 4 5 6 7 9 |  9.2
Maces & Flails | 3 4 5 7 9 10 11 12 | 12.1
Armour         | 4 5 7 9 10 | 10.2
Dodging        | 1 2 3 4 5 |  5.1
Shields        | 4 5 7 8 9 |  9.3

Action                   |  1- 3 |  4- 6 |  7- 9 | 10-12 || total
-------------------------+-------+-------+-------+-------++-------
Melee: Flail             |    72 |    73 |   395 |   854 ||  1394
       Unarmed           |       |     3 |       |       ||     3
Invok: Call Merchant     |       |       |       |     2 ||     2
Evoke: Wand              |       |       |       |     8 ||     8
  Use: Scroll            |     4 |     2 |     7 |    13 ||    26
       Potion            |     1 |     2 |     3 |    13 ||    19
 Stab: Distracted        |       |       |     2 |     1 ||     3
       Paralysed         |       |       |       |     4 ||     4
Armor: Scale mail        |    37 |    29 |   206 |   515 ||   787
       Skin              |       |     1 |       |    32 ||    33
Dodge: Dodged            |    31 |    38 |   181 |   431 ||   681
Block: Buckler           |    14 |    22 |   107 |   218 ||   361
       Kite shield       |       |       |       |   139 ||   139
       Tower shield      |       |       |       |   149 ||   149
